[Event "Betsys MČR v online bleskovém šachu 2021"]
[Site "Chess.com"]
[Date "2021.04.17"]
[Round "11"]
[White "jsebesta"]
[Black "EliasD123"]
[Result "1-0"]
[WhiteElo "1637"]
[BlackElo "1325"]
[TimeControl "180+1"]
[EndTime "10:50:17 PDT"]
[Termination "Uživatel jsebesta zvítězil na čas"]

1. e4 e5 2. Nf3 Nc6 3. Bc4 Nf6 4.
d4 exd4 5. O-O Bc5 6. e5 d5 7.
exf6 dxc4 8. Re1+ Be6 9. Ng5 Qd7 10. fxg7 Rg8 11. Nxe6 fxe6 12. Qh5+ Kd8 13. Qxc5 Qxg7 14.
g3 Kd7 15. Bf4 Raf8 16. Be5 Nxe5 17. Rxe5 Qf7 18. Qxd4+ Kc8 19. Nc3 h5 20. Nb5 h4 21.
Qxa7 b6 22. Qa8+ Kd7 23. Rd1+ Ke7 24. Qg2 h3 25. Qf1 Qf6 26. Rde1 Rg7 27. Nxc7 Kd7 28. Nxe6 Re8 29. Rd5+ Kc8 30. Qxc4+ Kb7 31. Qe4 Ka6 32. Qe2+ Kb7 33. Nc5+ bxc5 34. Qxe8 Rf7 35. Qe3 Ka6 36.
Rxc5 Ka7 37. Ra5+ Kb7 38. Rb5+ Kc7 39. Qc5+ Kd7 40. Rb7+ 1-0

[Event "Betsys MČR v online bleskovém šachu 2021"]
[Site "Chess.com"]
[Date "2021.04.17"]
[Round "11"]
[White "Maty122"]
[Black "Tlaskin"]
[Result "1-0"]
[WhiteElo "1059"]
[BlackElo "1325"]
[TimeControl "180+1"]
[EndTime "10:50:17 PDT"]
[Termination "Uživatel Maty122 zvítězil na čas"]

1. e4 c5 2. Nf3 Nc6 3. c4 e6 4.
Nc3 Nge7 5. d4 cxd4 6. Nxd4 Ng6 7. Nxc6 bxc6 8. Be3 Bb4 9. Be2 Bxc3+ 10. bxc3 O-O 11.
Bf3 Ba6 12. Qa4 Bc8 13. O-O Ne5 14. Be2 f5 15. Bd4 Ng6 16. e5 d5 17. Bc5 Re8 18. Bd6 Qb6 19. c5 Qd8 20. Qxc6 Bd7 21. Qa6 Qc8 22. Qxc8 Rexc8 23. Ba6 Re8 24. Bb7 Rad8 25. c6 Bc8 26. Rab1 Bxb7 27. cxb7 Rxd6 28. exd6 Rb8 29. d7 Kf7 30. d8=Q Rxd8 31. b8=Q Rxb8 32. Rxb8 Kf6 33. Rb7 Kg5 34. Rxa7 Ne5 35. Rb7 Nc4 36. a4 Kf6 37. Rb5 g5 38. a5 Nxa5 39. Rxa5 h5 40. Re1 Ke7 41. Ra6 Kd7 42. Rexe6 Kc7 43. Re7+ Kb8 44. Raa7 1-0

[Event "Betsys MČR v online bleskovém šachu 2021"]
[Site "Chess.com"]
[Date "2021.04.17"]
[Round "11"]
[White "5265"]
[Black "Akdub"]
[Result "0-1"]
[WhiteElo "1665"]
[BlackElo "2102"]
[TimeControl "180+1"]
[EndTime "10:50:18 PDT"]
[Termination "Uživatel Akdub zvítězil matem"]

1. e4 e6 2. d4 d5 3. exd5 exd5 4. c4 c6 5. Nc3 Nf6 6. Bf4 Be6 7.
Nf3 dxc4 8. Qa4 b5 9. Qc2 Bd6 10. Bg5 Nbd7 11. Ne4 Be7 12. Nxf6+ Bxf6 13. Be3 O-O 14.
O-O-O Bd5 15. Be2 a5 16. h3 Nb6 17. g4 b4 18. g5 b3 19. axb3 cxb3 20. Qd3 Be7 21.
Rhg1 a4 22. h4 a3 23. bxa3 Rxa3 24. Kb2 Ra2+ 25. Kb1 Bc4 26. Qe4 Bxe2 27. Rd2 Bc4 28. Rxa2 bxa2+ 29. Ka1 Nd5 30. h5 Re8 31. g6 hxg6 32.
hxg6 Nxe3 33. gxf7+ Bxf7 34. fxe3 Bf6 35. Qg4 c5 36.
Ne5 cxd4 37. exd4 Rxe5 38. Rd1 Re1 39. Qe6 Bxd4+ 40. Kxa2 Bxe6+ 41. Ka3 Rxd1 42. Kb4 Rc1 43. Kb5 Qb8+ 44. Ka6 Ra1# 0-1

[Event "Betsys MČR v online bleskovém šachu 2021"]
[Site "Chess.com"]
[Date "2021.04.17"]
[Round "11"]
[White "VojtechPlat"]
[Black "MartinHollan"]
[Result "1/2-1/2"]
[WhiteElo "2839"]
[BlackElo "2624"]
[TimeControl "180+1"]
[EndTime "10:50:21 PDT"]
[Termination "Remíza dohodou"]

1. d4 Nf6 2. Nf3 e6 3. e3 d5 4. Bd3 Bd6 5. Nbd2 Nbd7 6. c4 c6 7. O-O e5 8. dxe5 Nxe5 9. Nxe5 Bxe5 10. Nf3 Bc7 11. cxd5 Nxd5 12. a3 O-O 13. h3 h6 14.
Bc2 Re8 15. Qd3 Nf6 16. Qe2 Be6 17. Nd4 Bd5 18. Rd1 Qd6 19. f4 Ne4 20. Qg4 Qg6 21. Qxg6 fxg6 22. b4 Bb6 23. Bb2 Rad8 24. Re1 g5 25.
fxg5 Nxg5 26. Rad1 Be4 27. Bb3+ Bd5 28. Ba4 Rf8 29.
Bc2 Rde8 30. Nf5 Be4 31. Bb3+ Bd5 32. Bxd5+ cxd5 33. Rxd5 Ne6 34. Nd4 Nf4 35. Rd7 Nd3 36. Re2 Nxb2 37. Rxb2 Rxe3 38. Rd2 Rxa3 39. Kh2 Bxd4 40.
R2xd4 Rf7 41. Rxf7 Kxf7 42. Rd7+ Kg8 43. Rxb7 Ra4 1/2-1/2

[Event "Betsys MČR v online bleskovém šachu 2021"]
[Site "Chess.com"]
[Date "2021.04.17"]
[Round "11"]
[White "Stalri"]
[Black "Bolavey_Kotnik"]
[Result "0-1"]
[WhiteElo "2200"]
[BlackElo "2369"]
[TimeControl "180+1"]
[EndTime "10:50:21 PDT"]
[Termination "Uživatel Bolavey_Kotnik zvítězil matem"]

1. d4 Nf6 2. c4 d6 3. Nc3 Nbd7 4. e4 e5 5. Nf3 Be7 6. g3 O-O 7.
Bg2 c6 8. O-O a5 9. Re1 Qc7 10.
h3 Re8 11. Be3 Bf8 12. Rc1 a4 13. d5 c5 14. Nd2 g6 15. Nxa4 Qa5 16. Nc3 Qb4 17. a3 Qa5 18. Nb5 Qd8 19. Ra1 b6 20. b4 Ba6 21. Nc3 Nh5 22. b5 Bb7 23. a4 Ng7 24. Nb3 f5 25. Bd2 Be7 26. a5 bxa5 27. Na4 Rf8 28. Nxa5 Rxa5 29. Bxa5 Qxa5 30.
Nxc5 Qc7 31. Ne6 Nxe6 32. dxe6 Nc5 33. Ra7 Qb6 34. Qa1 fxe4 35. Qa5 Bd8 36. Qa3 Be7 37.
Qa1 Nd3 38. Re2 Rxf2 39. Rxf2 Qxf2+ 40. Kh2 Qb6 41. Bxe4 Qf2+ 42. Kh1 Bxe4# 0-1

[Event "Betsys MČR v online bleskovém šachu 2021"]
[Site "Chess.com"]
[Date "2021.04.17"]
[Round "11"]
[White "MametevArtem097"]
[Black "Zavurka1975"]
[Result "0-1"]
[WhiteElo "1991"]
[BlackElo "2197"]
[TimeControl "180+1"]
[EndTime "10:50:21 PDT"]
[Termination "Uživatel Zavurka1975 zvítězil matem"]

1. d4 Nf6 2. Nc3 d5 3. Bf4 c6 4.
e3 Bf5 5. Nf3 e6 6. Bd3 Bg6 7.
Bxg6 hxg6 8. Qd2 Bd6 9. Ne5 Qc7 10. O-O-O Nbd7 11. Nxd7 Nxd7 12. Bxd6 Qxd6 13. h3 O-O-O 14. e4 Qb4 15. a3 Qa5 16. exd5 cxd5 17. Rhe1 Nb6 18.
Na2 Qxd2+ 19. Rxd2 Nc4 20. Rde2 Rh5 21. Nb4 Rg5 22. f4 Rf5 23. Nd3 Rh5 24. Ne5 Nxe5 25. fxe5 Kd7 26. Rf2 Rf5 27. Ref1 Ke7 28. g4 Rxf2 29.
Rxf2 g5 30. Kd2 f6 31. Kc3 Rc8+ 32. Kd3 Rf8 33. b4 fxe5 34. Rxf8 e4+ 35. Ke3 Kxf8 36. c4 Ke7 37. c5 Kd7 38. b5 Kc7 39. a4 Kb8 40. Ke2 Kc7 41. Ke3 a6 42. b6+ Kc6 43. Ke2 e5 44. dxe5 Kxc5 45. Ke3 a5 46. Ke2 d4 47.
Kd2 Kd5 48. e6 Kxe6 49. Ke2 Kd5 50. Kd2 Kc4 51. Kc2 e3 52. Kd1 d3 53. Ke1 Kc3 54. Kd1 d2 55. h4 gxh4 56. g5 Kd3 57. g6 e2# 0-1

[Event "Betsys MČR v online bleskovém šachu 2021"]
[Site "Chess.com"]
[Date "2021.04.17"]
[Round "11"]
[White "Miky2610"]
[Black "JJ95"]
[Result "0-1"]
[WhiteElo "1816"]
[BlackElo "2015"]
[TimeControl "180+1"]
[EndTime "10:50:23 PDT"]
[Termination "Uživatel JJ95 zvítězil matem"]

1. c4 Nf6 2. Nc3 g5 3. d4 h6 4. g3 Bg7 5. Bg2 c5 6. e3 cxd4 7. exd4 d6 8. Nge2 Nc6 9. O-O O-O 10. b3 Bf5 11. f4 g4 12. Re1 Rb8 13. Be3 Nb4 14. Nd5 Nc2 15. Nxf6+ Bxf6 16. Nc3 Nxa1 17. Qxa1 e6 18. Qd1 a6 19. Na4 b5 20. Nb2 Qa5 21. cxb5 axb5 22. a4 Qc3 23. Qe2 Qxb3 24. axb5 Rxb5 25. Nd1 Rc8 26. Nf2 h5 27. h3 Rc2 28. Qf1 Qb2 29. d5 exd5 30. hxg4 hxg4 31. Nd3 Rxg2+ 32. Qxg2 Qxg2+ 33. Kxg2 Bxd3 34. Rd1 Rb2+ 35. Rd2 Rxd2+ 36. Bxd2 Be4+ 37. Kf2 Kf8 38. Ke3 Ke7 39. f5 Bg5+ 40. Ke2 Bxd2 41. Kxd2 Bxf5 42. Ke3 Be6 43. Kf4 Kf6 44. Ke3 Ke5 45. Kd3 d4 46. Ke2 Ke4 47. Kd2 d3 48. Kd1 Ke3 49. Ke1 d2+ 50. Kd1 Bb3# 0-1

[Event "Betsys MČR v online bleskovém šachu 2021"]
[Site "Chess.com"]
[Date "2021.04.17"]
[Round "11"]
[White "Sandokanom"]
[Black "TCTCGTGCTATG"]
[Result "0-1"]
[WhiteElo "1761"]
[BlackElo "1926"]
[TimeControl "180+1"]
[EndTime "10:50:24 PDT"]
[Termination "Uživatel TCTCGTGCTATG zvítězil na čas"]

1. c4 Nf6 2. Nf3 g6 3. Nc3 Bg7 4. d4 O-O 5. e4 d6 6. Bd3 c5 7. dxc5 dxc5 8. Be3 Qc7 9. O-O Be6 10. Qc2 b6 11. Rfd1 Nc6 12. a3 a6 13. Nd5 Bxd5 14.
cxd5 Ne5 15. Nxe5 Qxe5 16. f4 Qc7 17. Rac1 Rfd8 18. b4 Ng4 19. Bf2 Qxf4 20. Bg3 Bd4+ 21. Kh1 Qg5 22. Qe2 Ne3 23. Re1 a5 24. Bc7 Rd7 25. Bxb6 axb4 26. axb4 e6 27. Bxc5 Bxc5 28. Rxc5 Ng4 29. dxe6 Rxd3 30. Rxg5 Re3 31. Qf1 Ra2 32.
Rxe3 Nxe3 33. Qg1 Rd2 34. exf7+ Kf8 35. h4 Rd1 36. Kh2 Rxg1 37. Kxg1 Kxf7 38. Rb5 Nc4 39. Rb7+ Kg8 40. b5 Nd6 41. Rb8+ Kg7 42. e5 Nc4 43. b6 Kf7 44. b7 Nb6 45. Rh8 Nd7 46. b8=Q Ke6 47.
Rd8 Kf7 0-1

[Event "Betsys MČR v online bleskovém šachu 2021"]
[Site "Chess.com"]
[Date "2021.04.17"]
[Round "11"]
[White "prosinec"]
[Black "KarelZalesky"]
[Result "1-0"]
[WhiteElo "1769"]
[BlackElo "1808"]
[TimeControl "180+1"]
[EndTime "10:50:24 PDT"]
[Termination "Uživatel prosinec zvítězil na čas"]

1. Nf3 Nf6 2. c4 c5 3. Nc3 Nc6 4. g3 g6 5. Bg2 Bg7 6. O-O O-O 7.
d4 cxd4 8. Nxd4 Nxd4 9. Qxd4 d6 10.
e4 Nd7 11. Qd2 Nb6 12. b3 Bd7 13. Bb2 Bc6 14. Nd5 Bxd5 15. exd5 Nd7 16. f4 b5 17. Bxg7 Kxg7 18. Qd4+ Kg8 19. cxb5 Qb6 20. Qxb6 axb6 21.
a4 Nc5 22. Rab1 Kg7 23. Rfe1 Ra7 24. Bh3 h5 25. Re3 f5 26. Rbe1 Kf7 27. Bf1 Ne4 28. Bc4 Kf6 29. Rxe4 fxe4 30. Rxe4 Rc7 31. Re6+ Kf7 32.
Kf2 Rg8 33. Ke3 Rcc8 34. Kd4 Rce8 35. b4 Ra8 36. Bb3 Rgc8 37. Re3 Rc1 38. Rc3 Rh1 39.
Rc6 Rb8 40. Bc4 Rxh2 41. a5 bxa5 42. bxa5 Rh3 43. a6 Rxg3 44. a7 Ra8 45. b6 Rg4 46. Ke4 g5 47. b7 Rxf4+ 48. Kd3 Rxa7 49. b8=Q Ra3+ 50. Bb3 1-0

[Event "Betsys MČR v online bleskovém šachu 2021"]
[Site "Chess.com"]
[Date "2021.04.17"]
[Round "11"]
[White "l_pavlasek"]
[Black "DominikS3"]
[Result "1-0"]
[WhiteElo "1650"]
[BlackElo "1341"]
[TimeControl "180+1"]
[EndTime "10:50:24 PDT"]
[Termination "Uživatel l_pavlasek zvítězil matem"]

1. e4 c6 2. d4 d5 3. exd5 cxd5 4. Nf3 Nc6 5. Bf4 Bg4 6. c3 Nf6 7. Nbd2 e6 8. Be2 Be7 9. Ne5 Bxe2 10. Qxe2 O-O 11. O-O Nxe5 12. Bxe5 Rc8 13. Nf3 Ng4 14. Bg3 Nf6 15. Ne5 Bd6 16. Rad1 Qc7 17. Rd3 Ne4 18.
Ng4 Nxg3 19. fxg3 h6 20. Rdf3 Qe7 21. Qe3 Qg5 22. Qxg5 hxg5 23. h4 gxh4 24. gxh4 b5 25. a3 a6 26. h5 Be7 27. h6 g6 28. Nf6+ Bxf6 29. Rxf6 Kh7 30. Rxf7+ Rxf7 31. Rxf7+ Kxh6 32. Re7 Rc6 33. Kf2 Kg5 34. Kf3 Kf6 35. Re8 a5 36. Rb8 b4 37. axb4 axb4 38. Rxb4 Kf5 39. g3 g5 40. Rb8 g4+ 41. Ke3 e5 42. dxe5 Kxe5 43. Re8+ Kf5 44. Kd4 Rd6 45. Re5+ Kf6 46.
Rxd5 Rxd5+ 47. Kxd5 Kf5 48. b4 Kf6 49. b5 Ke7 50. c4 Kd7 51. c5 Kc8 52. c6 Kb8 53. b6 Kc8 54. Ke5 Kb8 55. Kf4 Kc8 56. Kxg4 Kb8 57. Kf5 Kc8 58. Ke6 Kb8 59. g4 Kc8 60. g5 Kb8 61. g6 Kc8 62. g7 Kd8 63. g8=Q# 1-0

[Event "Betsys MČR v online bleskovém šachu 2021"]
[Site "Chess.com"]
[Date "2021.04.17"]
[Round "11"]
[White "ffbp3q"]
[Black "DavidekIII"]
[Result "1-0"]
[WhiteElo "2361"]
[BlackElo "2196"]
[TimeControl "180+1"]
[EndTime "10:50:27 PDT"]
[Termination "Uživatel ffbp3q zvítězil na čas"]

1. d4 Nf6 2. c4 c5 3. d5 b5 4.
cxb5 a6 5. b6 d6 6. Nc3 g6 7. Nf3 Bg7 8. e4 Nbd7 9. Be2 O-O 10. O-O Nxb6 11. h3 Qc7 12. Bf4 Bb7 13.
Qc2 Nfd7 14. Rad1 Rac8 15. Rfe1 c4 16. Bf1 Rfd8 17. Bg3 Qc5 18. Bf4 Qc7 19. Be3 Nc5 20. Bd4 Nbd7 21. Bxg7 Kxg7 22. Qd2 f6 23. Bxc4 Na4 24.
b3 Nxc3 25. Qxc3 Ne5 26. Nd4 Qb6 27. Ne6+ Kf7 28. Nxd8+ Rxd8 29. Qe3 Qa5 30. f4 Nd7 31. e5 dxe5 32. d6+ e6 33. fxe5 Nxe5 34. Rf1 Qb4 35. Qxe5 Qb6+ 36. Kh2 f5 37. Qxe6+ Kg7 38. Qe7+ Kh6 39.
Rfe1 Qc6 40. Qe3+ Kg7 41. Bd5 1-0

[Event "Betsys MČR v online bleskovém šachu 2021"]
[Site "Chess.com"]
[Date "2021.04.17"]
[Round "11"]
[White "machajda"]
[Black "kol340"]
[Result "1/2-1/2"]
[WhiteElo "2037"]
[BlackElo "1892"]
[TimeControl "180+1"]
[EndTime "10:50:27 PDT"]
[Termination "Remíza opakováním pozice"]

1. e4 c6 2. Nf3 d5 3. Nc3 dxe4 4. Nxe4 Nf6 5. Nxf6+ gxf6 6. d4 Bf5 7. Bd3 Bg6 8. Bf4 e6 9. Qd2 Bd6 10. Bxd6 Qxd6 11.
O-O-O Nd7 12. h4 O-O-O 13. h5 Bxd3 14. Qxd3 Qf4+ 15. Kb1 h6 16. g3 Qd6 17. c4 c5 18.
d5 Ne5 19. Nxe5 fxe5 20. Qe3 f5 21. dxe6 Qxe6 22. Qxc5+ Kb8 23. Rhe1 e4 24. Rd5 Rc8 25. Qd4 Rhe8 26. c5 Re7 27. Rc1 e3 28. fxe3 Qxe3 29.
Qxe3 Rxe3 30. Rxf5 Rxg3 31. Rf6 Rg5 32. Rxh6 Rcxc5 33. Rh8+ Kc7 34. Rxc5+ Rxc5 35. a3 Kb6 36. h6 Rh5 37. h7 a6 38. Ka2 Rh2 39. Kb3 Rh3+ 40.
Kc2 Rh4 41. Kd3 Rh2 42. Ke4 Rh1 43. Kf5 Kb5 44. Ke6 b6 45. Kd5 Rh5+ 46. Kd4 Rh4+ 47. Kc3 Rh3+ 48. Kc2 Rh2+ 49. Kb3 Rh4 50. Ka2 Rh2 51. Kb1 Rh1+ 52. Kc2 Rh2+ 53. Kd3 Rh3+ 54. Ke4 Rh4+ 55. Kf5 Rh1 56. Kg6 Rg1+ 57. Kf6 Rf1+ 58. Ke5 Re1+ 59. Kf4 Rf1+ 60. Kg3 Rh1 61. Kg2 Rh6 62.
Kf3 Ka4 63. Ke2 b5 64. Kd3 Rh3+ 65. Kc2 Rh2+ 66. Kc3 Rh3+ 67. Kc2 Rh2+ 68. Kc3 Rh3+ 69. Kc2 1/2-1/2

[Event "Betsys MČR v online bleskovém šachu 2021"]
[Site "Chess.com"]
[Date "2021.04.17"]
[Round "11"]
[White "sachistamartin"]
[Black "Tomasbezdek07"]
[Result "0-1"]
[WhiteElo "1430"]
[BlackElo "1700"]
[TimeControl "180+1"]
[EndTime "10:50:27 PDT"]
[Termination "Uživatel Tomasbezdek07 zvítězil matem"]

1. c4 g6 2. Nc3 Bg7 3. Nf3 Nf6 4. e3 O-O 5. d4 d6 6. Bd3 c5 7. Bd2 b6 8. O-O Bb7 9. a3 Nbd7 10. Qc2 e5 11. dxe5 Nxe5 12. Nxe5 dxe5 13. e4 Qd7 14. Nd5 Nxd5 15. exd5 f5 16. Rae1 e4 17. Be2 Rad8 18.
Bf4 b5 19. b3 a6 20. Rd1 Rfe8 21. d6 Be5 22. Bxe5 Rxe5 23. Qc3 Rde8 24. Rd2 e3 25. fxe3 Rxe3 26. Qf6 Rxe2 27. Rxe2 Rxe2 28. Rd1 Rxg2+ 29. Kf1 Rxh2 30. Qe7 Rh1+ 31. Ke2 Qxe7+ 32. dxe7 Kf7 33. Rd7 Bc6 34. Rc7 Be8 35. cxb5 axb5 36. Rxc5 Kxe7 37.
Kd3 Rh3+ 38. Kd4 Rxb3 39. Rc7+ Bd7 40. Ra7 b4 41. a4 Ra3 42. a5 b3 43. Kc3 Ke6 44.
Kb2 Ra4 45. Kxb3 f4 46. Rxd7 Kxd7 47. Kxa4 Kc7 48. Kb5 Kb7 49. a6+ Ka7 50. Ka5 g5 51. Kb5 f3 52. Kc5 f2 53. Kd5 f1=Q 54. Ke5 Qxa6 55.
Kf5 Qb5+ 56. Kg4 Qc4+ 57. Kxg5 Qd5+ 58. Kh6 Qf7 59. Kg5 Qg6+ 60. Kh4 h6 61. Kh3 h5 62.
Kh4 Qg4# 0-1

[Event "Betsys MČR v online bleskovém šachu 2021"]
[Site "Chess.com"]
[Date "2021.04.17"]
[Round "11"]
[White "Fafin1"]
[Black "AdaTra"]
[Result "0-1"]
[WhiteElo "1367"]
[BlackElo "1660"]
[TimeControl "180+1"]
[EndTime "10:50:28 PDT"]
[Termination "Uživatel AdaTra zvítězil na čas"]

1. e4 c6 2. Bc4 d5 3. exd5 cxd5 4. Bb5+ Bd7 5. Bxd7+ Qxd7 6. d4 Nc6 7. Nf3 Nf6 8. c3 e6 9. O-O Bd6 10. Bg5 Ne4 11. Bh4 O-O 12. Nbd2 Nxd2 13. Qxd2 Be7 14. Bxe7 Qxe7 15. Rfe1 b5 16. b4 Rfc8 17. a4 a6 18. Qd3 Qb7 19. Ng5 g6 20. Qh3 h5 21. Qd3 Ne7 22. Rec1 Nf5 23. g3 Nd6 24. Nf3 Ne4 25.
Ne5 Rc7 26. axb5 axb5 27. Rxa8+ Qxa8 28. Qxb5 Rxc3 29. Rxc3 Nxc3 30. Qd7 Qf8 31. Kg2 Ne4 32. b5 Nf6 33. Qc7 Ne8 34. Qc8 Nd6 35. Qc6 g5 36. b6 f6 37. Nd7 Qe7 38. b7 Nxb7 39. Qxb7 Kf7 40. Qc6 Qb4 41. Qc5 Qb7 42. Nb6 Kg6 43.
Nc8 Kf5 44. Ne7+ Ke4 0-1

[Event "Betsys MČR v online bleskovém šachu 2021"]
[Site "Chess.com"]
[Date "2021.04.17"]
[Round "11"]
[White "DrDANDog"]
[Black "matej-c"]
[Result "1-0"]
[WhiteElo "1803"]
[BlackElo "1940"]
[TimeControl "180+1"]
[EndTime "10:50:30 PDT"]
[Termination "Uživatel DrDANDog zvítězil na čas"]

1. e4 e5 2. Nf3 Nf6 3. Nxe5 d6 4. Nf3 Nxe4 5. Nc3 Nf6 6. d4 Be7 7. Bd3 Bg4 8. h3 Bh5 9. O-O Nc6 10. Be3 O-O 11.
d5 Ne5 12. Be2 Nxf3+ 13. Bxf3 Bg6 14. Be2 Re8 15. Bd3 Bh5 16. Be2 Bg6 17. Bd3 Nd7 18. Bxg6 hxg6 19. Bd4 Bf6 20. Qd2 Ne5 21. Rfe1 a6 22.
a4 Nd7 23. Ne4 Bxd4 24. Qxd4 f5 25. Nd2 Qg5 26. Nf3 Qf6 27. Re6 Qxd4 28. Nxd4 Nc5 29. Ree1 Rxe1+ 30. Rxe1 Nxa4 31. b3 Nc3 32. Re7 Nxd5 33.
Rd7 Re8 34. c4 Nf4 35. Rxc7 Re4 36. Nc2 Re2 37. Ne3 Nd3 38. Rxb7 Nxf2 39. Nd5 Rb2 40. b4 Nd3 41. Ne7+ Kh7 42. Nc6 g5 43. Ne7 Rb1+ 44.
Kh2 Rxb4 45. Ra7 Ra4 46. Nxf5 Kg6 47. Nxd6 Nb4 48. c5 Nc6 49. Rc7 Nd4 50. Ne8 a5 51. Rxg7+ Kh6 52. Rd7 Rc4 53. Rd6+ Kh7 54. Nf6+ Kg7 55.
Ne8+ Kf7 56. Nc7 Rxc5 57. Rd7+ 1-0

[Event "Betsys MČR v online bleskovém šachu 2021"]
[Site "Chess.com"]
[Date "2021.04.17"]
[Round "11"]
[White "DiscoSTU666"]
[Black "JaraLinhart"]
[Result "0-1"]
[WhiteElo "1866"]
[BlackElo "1717"]
[TimeControl "180+1"]
[EndTime "10:50:30 PDT"]
[Termination "Uživatel JaraLinhart zvítězil na čas"]

1. e4 e5 2. Nf3 Nc6 3. Bc4 Nf6 4. d3 h6 5. c3 a6 6. a4 Bc5 7. O-O d6 8. h3 O-O 9. Bb3 Ne7 10. Re1 Ng6 11. Nbd2 Nf4 12. Nf1 Ne6 13. d4 exd4 14.
cxd4 Bb4 15. Bd2 a5 16. Ng3 c5 17. Bxb4 axb4 18. Qd2 b6 19. Rad1 Bd7 20. Ra1 Qc7 21. Rec1 Qb7 22. d5 Nc7 23. e5 Nfxd5 24. exd6 c4 25. Bxc4 b5 26. Bb3 bxa4 27. Bc2 Na6 28.
Be4 Be6 29. Nd4 Qb6 30. Ndf5 Nf6 31. Ne7+ Kh8 32. Bxa8 Rd8 33. Bf3 Rxd6 34. Qe2 Qd8 35. Nef5 Bxf5 36. Nxf5 Rd2 37. Qe3 Qd7 38. Ne7 Qe6 39. Re1 Qxe3 40. Rxe3 Rxb2 41. Nc6 a3 0-1

[Event "Betsys MČR v online bleskovém šachu 2021"]
[Site "Chess.com"]
[Date "2021.04.17"]
[Round "11"]
[White "Varinius"]
[Black "fera_v"]
[Result "1/2-1/2"]
[WhiteElo "2411"]
[BlackElo "2233"]
[TimeControl "180+1"]
[EndTime "10:50:32 PDT"]
[Termination "Remíza opakováním pozice"]

1. a4 Nf6 2. b3 g6 3. Bb2 Bg7 4. d4 d6 5. g3 O-O 6. Bg2 Nbd7 7. Nf3 a5 8. O-O c6 9. Nbd2 Qc7 10. e4 e5 11.
dxe5 dxe5 12. Qe2 Re8 13. Rfd1 Nc5 14. Ne1 Bg4 15. f3 Be6 16. Nd3 Nxd3 17. Qxd3 Rad8 18. Qe3 Nd7 19. Bf1 Bf8 20. Kg2 Bc5 21. Qe2 f6 22. Nc4 Kg7 23. Bc3 b6 24. Rd2 Nf8 25.
Rad1 h5 26. h4 Qe7 27. Ne3 Bf7 28. Qe1 Ne6 29. Bc4 Rxd2+ 30. Rxd2 Rd8 31. Rxd8 Qxd8 32. Qd2 Qxd2+ 33. Bxd2 Bd4 34. c3 Bxe3 35. Bxe3 Nc5 36. Bxf7 Kxf7 37. Bxc5 bxc5 38. Kf2 Ke6 39. Ke2 c4 40. b4 Kd6 41. g4 Kc7 42. gxh5 gxh5 43. Kd2 Kb6 44. Kc2 c5 45. b5 Kb7 46. Kd2 Kb6 47.
Ke3 Kb7 48. f4 Kb6 49. Kf3 Kb7 50. fxe5 fxe5 51. Kg3 Kb6 52. Kf3 Kb7 53. Ke2 Kb6 54. Kd2 Kb7 55. Kc2 Kb6 56. Kb2 Kb7 57. Kb1 Kb6 58. Kc2 Kb7 59. Kd2 Kb6 60. Ke2 Kb7 61. Kf2 Kb6 62. Kg2 Kb7 63. Kg1 Kb6 64. Kf1 Kb7 65. Ke2 Kb6 66. Ke3 Kb7 67. Kf3 Kb6 68. Ke2 Kb7 69. Kd1 Kb6 70. Kc1 Kb7 71. Kb1 Kb6 72.
Ka1 Kb7 73. Ka2 Kb6 74. Ka3 Kb7 75. Kb2 Kb6 76. Kc1 Kb7 77. Kd1 Kb6 78. Ke1 Kb7 79. Kf1 Kb6 80. Kg1 Kb7 81. Kh1 Kb6 82. Kh2 Kb7 83.
Kg2 Kb6 84. Kg3 Kb7 85. Kh3 Kb6 86. Kg3 Kb7 87. Kf3 Kb6 88. Kf2 Kb7 89. Kg2 Kb6 90.
Kg1 Kb7 91. Kh1 Kb6 92. Kh2 Kb7 93. Kh3 Kb6 94. Kg3 1/2-1/2

[Event "Betsys MČR v online bleskovém šachu 2021"]
[Site "Chess.com"]
[Date "2021.04.17"]
[Round "11"]
[White "conysek"]
[Black "matykov"]
[Result "1-0"]
[WhiteElo "2126"]
[BlackElo "2001"]
[TimeControl "180+1"]
[EndTime "10:50:40 PDT"]
[Termination "Uživatel conysek zvítězil na čas"]

1. e4 e6 2. Nf3 d5 3. exd5 exd5 4.
d4 Nc6 5. c3 Bd6 6. Bd3 Nge7 7.
O-O Bg4 8. h3 Bh5 9. Bg5 Qd7 10.
Nbd2 O-O-O 11. Re1 Rde8 12. b4 Bg6 13. Qc2 Bxd3 14.
Qxd3 Ng6 15. a4 f6 16. Be3 Bf4 17. Nf1 Bxe3 18. Nxe3 Nf4 19. Qf5 Qxf5 20. Nxf5 g6 21. Ne3 Ne7 22. Ng4 Nh5 23. Re6 f5 24. Nf6 Nxf6 25. Rxf6 Rhf8 26. Rxf8 Rxf8 27. Re1 Kd7 28. Ne5+ Kd6 29. f4 c6 30. Kf2 Nc8 31. a5 Ne7 32. Nd3 Ng8 33. Nc5 b6 34. axb6 axb6 35. Re6+ Kc7 36.
Nd3 Kd7 37. Re2 Re8 38. Ne5+ Kc7 39. Ra2 Kb7 40. Nf7 Ra8 41. Re2 Ra3 42. Rc2 Nf6 43. Ke3 Ne4 44. Kd3 Ra1 45. Ng5 Nxg5 46. fxg5 Rd1+ 47. Ke2 Rg1 48. Kf3 Re1 49. Kf4 Re4+ 50. Kf3 Ka6 51. Ra2+ Kb5 52. Ra7 Kc4 53. Rxh7 Kxc3 54.
Rg7 Re6 55. b5 cxb5 56. h4 Kxd4 57. h5 b4 58. Rxg6 Re3+ 59. Kf4 Re4+ 60. Kxf5 Kc3 61. Rxb6 b3 62. h6 b2 63. h7 Rb4 64. h8=Q+ 1-0

[Event "Betsys MČR v online bleskovém šachu 2021"]
[Site "Chess.com"]
[Date "2021.04.17"]
[Round "11"]
[White "adasmrazek"]
[Black "AdeeJa"]
[Result "0-1"]
[WhiteElo "1343"]
[BlackElo "1657"]
[TimeControl "180+1"]
[EndTime "10:50:40 PDT"]
[Termination "Uživatel AdeeJa zvítězil po vzdání soupeře"]

1. d4 Nf6 2. c4 g6 3. Nc3 Bg7 4. Nf3 d6 5. e4 O-O 6. Be3 e5 7.
d5 Nbd7 8. Be2 Ne8 9. O-O f5 10. Ng5 Nc5 11. b4 f4 12. bxc5 fxe3 13. Ne6 Bxe6 14. dxe6 Qe7 15. cxd6 Nxd6 16. c5 Ne8 17. Bc4 Rd8 18. Qe2 Kh8 19. Rfd1 Rxd1+ 20. Rxd1 Qxc5 21. Nd5 Nd6 22. Bb3 Nxe4 23. Qxe3 Qxe3 24. Nxe3 Nxf2 25.
e7 Nxd1 26. exf8=Q+ Bxf8 27. Nxd1 Bc5+ 28. Kf1 Kg7 29. Ke2 Kf6 30. Ne3 e4 31. g3 Ke5 32.
Ng4+ Kd4 33. Kd2 Bb4+ 34. Ke2 Bc5 35. Nf6 h6 36. Bc2 e3 37. Bb3 Kc3 38. Ng4 a5 39. Nxh6 b5 40. Ng4 Bd4 41. Nxe3 c5 42. Nd5+ Kb2 43.
Ne7 c4 44. Bd1 b4 45. Nxg6 c3 46. Kd3 Bf6 47. h4 a4 48. Bxa4 Kxa2 49. Bc2 b3 50. Bxb3+ Kxb3 51. h5 c2 52. h6 Kb2 53. h7 c1=Q 54.
h8=Q Bxh8 55. Nxh8 Qc2+ 0-1

[Event "Betsys MČR v online bleskovém šachu 2021"]
[Site "Chess.com"]
[Date "2021.04.17"]
[Round "11"]
[White "Tretrik"]
[Black "HonzaRubes95"]
[Result "0-1"]
[WhiteElo "2079"]
[BlackElo "2464"]
[TimeControl "180+1"]
[EndTime "10:50:41 PDT"]
[Termination "Uživatel HonzaRubes95 zvítězil po vzdání soupeře"]

1. e4 c5 2. Nf3 Nc6 3. Bb5 e6 4. O-O Nge7 5. c3 a6 6. Ba4 b5 7. Bc2 Bb7 8. Qe2 Ng6 9. d4 cxd4 10. cxd4 Be7 11. a4 O-O 12. Be3 Nb4 13. Nc3 Nxc2 14. Qxc2 b4 15. Ne2 Rc8 16. Qd2 Bxe4 17. Ne1 a5 18. Ng3 Bb7 19. Nd3 d6 20. Rfe1 Qd7 21. Rad1 Rc7 22. Qe2 Rfc8 23. Qh5 Qxa4 24. Ra1 Qc2 25.
Red1 Bd5 26. h3 a4 27. Nxb4 Qb3 28. Nxd5 exd5 29. Nf5 Bf8 30. Ra3 Qxb2 31. Rxa4 Rb8 32. Qf3 Qc2 33. Raa1 Qe4 34. Qh5 Rcb7 35. Ng3 Qe6 36.
Re1 Qf6 37. Qxd5 h6 38. Kh2 Rb5 39. Qe4 Rb2 40. Rac1 Ra2 41. Nf5 Rab2 42. Qf3 R2b5 43. g4 d5 44. Rc7 Bd6+ 45. Nxd6 Qxf3 46. Nxb5 Rxb5 47. Rec1 Kh7 48. R1c2 Rb1 49. Rc1 Rxc1 50. Rxc1 Nf4 51. Bxf4 Qxf4+ 52. Kg2 Qxc1 0-1

[Event "Betsys MČR v online bleskovém šachu 2021"]
[Site "Chess.com"]
[Date "2021.04.17"]
[Round "11"]
[White "kecalk"]
[Black "koky_3"]
[Result "1/2-1/2"]
[WhiteElo "2135"]
[BlackElo "2051"]
[TimeControl "180+1"]
[EndTime "10:50:44 PDT"]
[Termination "Remíza – nedostatek materiálu"]

1. c4 c5 2. Nf3 Nc6 3. d4 cxd4 4. Nxd4 e6 5. Nc3 a6 6. a3 Nf6 7. e4 Bc5 8. Nb3 Be7 9. Be2 O-O 10. O-O d6 11. Be3 b6 12. f3 Bb7 13. Rc1 Rc8 14. Nd4 Ne5 15. b3 Qc7 16. Qd2 Rfd8 17. Rfd1 Qb8 18.
Bf1 d5 19. cxd5 exd5 20. Nxd5 Nxd5 21. exd5 Bxd5 22. Bxa6 Rxc1 23. Qxc1 Qa8 24. Nf5 Bf8 25. Bxb6 Rb8 26. Bc7 Nxf3+ 27. gxf3 Bxf3 28. Bxb8 Qxb8 29. Rf1 Be4 30. Qf4 Bc5+ 31. Ne3 Qxf4 32. Rxf4 Bxe3+ 33. Rf2 Kf8 34. Kf1 Bxf2 35. Kxf2 Ke7 36. Ke3 Bd5 37. b4 Kd6 38. Kd4 f5 39. Be2 g5 40. a4 g4 41. a5 h5 42. b5 h4 43. b6 Bb7 44.
a6 Kc6 45. axb7 Kxb7 46. Ke5 g3 47. hxg3 hxg3 48. Bf3+ Kxb6 49. Kxf5 g2 50. Bxg2 1/2-1/2